 Dungeon Crawl Stone Soup version 0.31-a0-435-g2c6fae2916 (webtiles) character file.

Game seed: 12208259849010402171

2471 randomguy2701 the Zephyrmancer (level 9, 0/47 HPs)
             Began as a Tengu Air Elementalist on Aug 2, 2023.
             Succumbed to a gnoll's poison
             ... on level 6 of the Dungeon.
             The game lasted 00:22:04 (9451 turns).

randomguy2701 the Zephyrmancer (TeAE)               Turns: 9451, Time: 00:22:04

Health: 0/47       AC:  2    Str:  8    XL:     9   Next: 51%
Magic:  10/20      EV: 17    Int: 27    God:
Gold:   486        SH:  0    Dex: 14    Spells: 13/21 levels left

rFire   x . .        t - +6 short sword
rCold   + . .        (no shield)
rNeg    . . .        a - +0 robe
rPois   .            (helmet restricted)
rElec   .            (no cloak)
rCorr   .            (no gloves)
SInv    .            (boots unavailable)
Will    .....        (no amulet)
Stlth   ++           m - +6 ring of intelligence
HPRegen 0.27/turn    o - ring of ice
MPRegen 0.17/turn

%: no passive effects
@: lethally poisoned (0 -> -4), attractive, flying quickly and evasively, quick
A: beak, talons 3, nimble flight
a: no special abilities


You were on level 6 of the Dungeon.
You visited 1 branch of the dungeon, and saw 6 of its levels.

You collected 486 gold pieces.

Inventory:

Hand Weapons
 t - a +6 short sword (weapon)
Missiles
 d - 4 throwing nets
Armour
 a - a +0 robe (worn)
Jewellery
 m - a +6 ring of intelligence (left hand)
 o - a ring of ice (right hand)
Scrolls
 e - 7 scrolls of identify {unknown}
 g - 2 scrolls of amnesia {unknown}
 h - 4 scrolls of revelation {unknown}
 j - a scroll of torment {unknown}
 l - 2 scrolls of fear {unknown}
 n - 2 scrolls of teleportation {unknown}
 p - 2 scrolls of enchant armour {unknown}
 q - a scroll of immolation {unknown}
Potions
 b - a potion of lignification {unknown}
 c - 2 potions of degeneration {unknown}
 f - a potion of invisibility {unknown}
 i - 2 potions of attraction
 k - a potion of curing {unknown}
 r - a potion of might {unknown}
 s - a potion of heal wounds {unknown}


   Skills:
 + Level 1.4 Fighting
 * Level 2.8 Short Blades
 * Level 6.0 Dodging
 + Level 3.5 Stealth
 + Level 0.6 Unarmed Combat
 + Level 6.8 Spellcasting
 - Level 1.3 Conjurations
 + Level 10.8 Air Magic


You had 13 spell levels left.
You knew the following spells:

 Your Spells              Type           Power      Damage    Failure   Level
a - Shock                 Conj/Air       100%       1d9       1%          1
b - Airstrike             Air            30%        2d(5-21)  1%          4
c - Swiftness             Air            61%        N/A       1%          3

Your spell library contained the following spells:

 Spells                   Type           Power      Damage    Failure   Level
 Static Discharge         Conj/Air       84%        2-6/arc   1%          2
 Apportation              Tloc           18%        N/A       6%          1
 Necrotise                Necr           36%        1d5       6%          1
 Summon Small Mammal      Summ           36%        N/A       6%          1
 Ensorcelled Hibernation  Hex/Ice        26%        N/A       9%          2
 Passwall                 Tmut/Erth      7%         N/A       9%          2
 Inner Flame              Hex/Fire       9%         N/A       19%         3
 Ozocubu's Armour         Ice            13%        N/A       19%         3
 Flame Wave               Conj/Fire      12%        2d6       41%         4
 Sticky Flame             Conj/Fire      12%        2d4       41%         4
 Summon Forest            Summ/Tloc      4%         N/A       86%         5
 Yara's Violent Unravell  Hex/Tmut       4%         3d4       86%         5
 Eringya's Noxious Bog    Tmut/Pois      4%         4d6       100%        6
 Enfeeble                 Hex            4%         N/A       100%        7
 Ozocubu's Refrigeration  Ice            6%         4d8       100%        7
 Summon Hydra             Summ           4%         N/A       100%        7


Dungeon Overview and Level Annotations

Branches:
Dungeon (6/15)
 Temple: D:4-7

Altars:
Okawaru
Qazlal
Xom
Yredelemnul


Innate Abilities, Weirdness & Mutations

You have a beak for a mouth.
You have claws for feet.
Your magical nature lets you fly swiftly and evasively.


Message History

You kill the gnoll!
A gnoll comes into view.
It is wielding a +0 spear and quivering poisoned darts.
A gnoll is nearby!
The zap hits the gnoll.
The gnoll is moderately wounded.
The gnoll shouts!
You hear a shout!
The zap misses the gnoll.
The zap misses the gnoll.
The gnoll throws a poisoned dart.
The poisoned dart hits you!
You are poisoned.
The zap hits the gnoll.
The gnoll is heavily wounded.
You feel very sick.
The gnoll throws a poisoned dart.
The poisoned dart hits you!
You are more poisoned.
The zap hits the gnoll but does no damage.
The gnoll is heavily wounded.
You feel very sick.
An electric eel comes into view.
The gnoll throws a poisoned dart.
The poisoned dart misses you.
The zap hits the gnoll!
You kill the gnoll!
You feel very sick.
A gnoll bouda comes into view. It is wielding a +0 whip.
The zap hits the electric eel.
The electric eel completely resists.
You feel very sick.
The gnoll bouda barks out a call to the hunt!
The electric eel shoots out a bolt of lightning at you!
The bolt of electricity hits you!
You are too injured to fight recklessly!
Unknown command.
You feel sick.
You feel sick.
You feel sick.
The electric eel shoots out a bolt of lightning at you!
The bolt of electricity hits you!
* * * LOW HITPOINT WARNING * * *
It was a potion of attraction.
You feel attractive to monsters.
You die...

.≈ ...)..# .≈. ....g.'
.≈.# ..(...' ..S..#
##......#
......##........
#..............#
#.............##
###......≈....).##
#....#...≈≈.....@## #.
....##....≈≈≈..(..##..
............≈≈)..((...≈
##h..........≈≈≈≈≈≈≈≈≈≈
.g......)......b........
.................##..###
....##......)...####...
h..D...##....)....##.##
.<#.......#..........#


You could see an electric eel.

Vanquished Creatures
  Prince Ribbit (D:6)
  Pargi (D:4)
  A black bear (D:5)
  An ogre (D:4)
  A phantom (D:4)
  4 kobold brigands (D:4)
  3 scorpions (D:5)
  A bullfrog (D:5)
  A wyvern zombie (D:5)
  A necrophage (D:5)
  2 gnoll sergeants (D:6)
  2 water moccasin zombies (D:5)
  A wight (D:5)
  2 bullfrog zombies (D:5)
  A human zombie (D:5)
  5 hounds
  A gnoll bouda (D:6)
  5 iguanas
  A sleepcap (D:4)
  2 mummies (D:5)
  30 gnolls
  9 adders
  2 white imps (D:6)
  2 adder zombies (D:5)
  3 worms (D:2)
  5 dart slugs
  14 orcs
  9 bats
  10 endoplasms
  7 giant cockroaches
  13 goblins
  11 hobgoblins
  9 jackals
  3 quokkas
  9 ball pythons
  3 frilled lizards
  46 kobolds
  6 rats
  A butterfly (D:6)
229 creatures vanquished.

Vanquished Creatures (others)
  An orc (D:6)
1 creature vanquished.

Grand Total: 230 creatures vanquished

Notes
Turn   | Place    | Note
-------+----------+-------------------------------------------
     0 | D:1      | randomguy2701 the Tengu Air Elementalist began the quest
                  | for the Orb.
     0 | D:1      | Reached XP level 1. HP: 10/10 MP: 4/4
   168 | D:1      | Reached XP level 2. HP: 15/15 MP: 3/6
   744 | D:1      | Reached XP level 3. HP: 19/19 MP: 4/7
   800 | D:1      | Reached skill level 5 in Air Magic
  1378 | D:2      | Reached XP level 4. HP: 24/24 MP: 0/8
  1916 | D:2      | Reached skill level 6 in Air Magic
  2083 | D:2      | Gained mutation: Your magical nature lets you fly swiftly
                  | and evasively. [Tengu growth]
  2083 | D:2      | Reached XP level 5. HP: 28/28 MP: 4/10
  2425 | D:2      | You are sucked into a shaft and drop 1 floor!
  2872 | D:3      | Found a stormy altar of Qazlal.
  3544 | D:4      | Noticed an ogre
  3573 | D:4      | Killed an ogre
  3574 | D:4      | Reached XP level 6. HP: 32/32 MP: 7/11
  3694 | D:4      | Reached skill level 7 in Air Magic
  4500 | D:4      | Noticed Pargi
  4530 | D:4      | Learned a level 4 spell: Airstrike
  4628 | D:4      | Reached XP level 7. HP: 36/36 MP: 10/13
  4969 | D:4      | Identified the +8 hand axe of Gluttony {heavy, rElec Dex+3}
  5290 | D:4      | Reached skill level 8 in Air Magic
  5452 | D:4      | Reached skill level 5 in Spellcasting
  5453 | D:4      | Reached XP level 8. HP: 36/42 MP: 1/16
  6054 | D:4      | Killed Pargi
  6110 | D:4      | Learned a level 3 spell: Swiftness
  6146 | D:5      | Entered Level 5 of the Dungeon
  6200 | D:5      | Identified the +0 ring mail of Qazlal's Delight {rElec}
  6205 | D:5      | Found an iron altar of Okawaru.
  6528 | D:5      | Reached skill level 9 in Air Magic
  6966 | D:5      | Reached skill level 5 in Dodging
  7529 | D:5      | Reached skill level 1 in Short Blades
  7627 | D:5      | Found a basalt altar of Yredelemnul.
  8030 | D:5      | Reached XP level 9. HP: 46/46 MP: 12/19
  8112 | D:5      | Reached skill level 10 in Air Magic
  8536 | D:6      | Reached skill level 1 in Fighting
  8736 | D:6      | Noticed Prince Ribbit
  8736 | D:6      | Found a shimmering altar of Xom.
  8891 | D:6      | Killed Prince Ribbit
  9450 | D:6      | HP: 1/47 [electric eel/bolt of electricity (11)]
  9451 | D:6      | Succumbed to a gnoll's poison

Illustrated notes

Levels and vault maps discovered:
D:1:      zaba_arrival_water, layout_basic
D:2:      layout_basic, minmay_joined_circles
D:3:      layout_loops_ring, nicolae_overflow_crystal_walls, minmay_diced_spiral
D:4:      minmay_goblin_kobold_castle, layout_loops_ring, serial_bayou_pond_c,
          uniq_pargi
D:5:      layout_cave_pools, mainiacjoe_overflow_chevrons,
          lemuel_mausoleum_altar_yredelemnul, enter_ossuary_2, chequers_jeans,
          hangedman_decor_diamond_cutter
D:6:      cheibrodos_two_vegetables, layout_cave_pools, xom_butterflies,
          serial_gnoll_camp, gnoll_camp_huts_moat, gnoll_camp_mini_doghouse,
          gnoll_camp_medium_02, gnoll_camp_mini_house,
          chequers_serial_rivers_marsh, uniq_prince_ribbit1

Skill      XL: |  1  2  3  4  5  6  7  8  9 |
---------------+----------------------------+-----
Air Magic      | 5 6 7 8 9 10 | 10.8
Spellcasting   | 3 5 6 |  6.8
Dodging        | 3 4 5 6 |  6.0
Stealth        | 3 |  3.5
Short Blades   | 1 2 |  2.8
Fighting       | 1 |  1.4
Unarmed Combat | |  0.6
Conjurations   | |  1.3

Action                     |  1- 3 |  4- 6 |  7- 9 || total
---------------------------+-------+-------+-------++-------
  Melee: Unarmed           |     7 |     2 |    18 ||    27
         Kick              |     2 |     2 |     5 ||     9
         Peck              |     2 |       |     7 ||     9
         Punch             |       |       |     3 ||     3
         Short sword       |       |       |    14 ||    14
   Cast: Shock             |    81 |   153 |   344 ||   578
         Airstrike         |       |     1 |    25 ||    26
         Swiftness         |       |       |     9 ||     9
    Use: Potion            |       |       |     2 ||     2
   Stab: Sleeping          |       |       |     1 ||     1
 Armour: Robe              |     2 |     4 |    10 ||    16
  Dodge: Dodged            |    18 |    35 |   109 ||   162

Table legend: (Time is in decaauts)
 A = Elapsed time spent in this place.
 B = Non-inter-level travel time spent in this place.
 C = Inter-level travel time spent in this place.
 D = Time resting spent in this place.
 E = Time spent auto-exploring this place.
 F = Levels seen in this place.
 G = Mean time per level.
                   A        B        C        D        E       F      G
               +--------+--------+--------+--------+--------+-----+--------+
         Total |   9119 |   8801 |    318 |    100 |   7159 |   6 | 1519.8 |
       Dungeon |   9119 |   8801 |    318 |    100 |   7159 |   6 | 1519.8 |
               +--------+--------+--------+--------+--------+-----+--------+

Top non-repeatable levels by time:
     D:4: 2558 daAuts
     D:5: 2361 daAuts
     D:1: 1312 daAuts
     D:2: 1104 daAuts
     D:3: 996 daAuts
     D:6: 787 daAuts
